 Dungeon Crawl Stone Soup version 0.29-a0-1043-g569b05d6ff (webtiles) character file.

Game seed: 15179357555100562699

74 xian the Trooper (level 4, -2/52 HPs)
             Began as a Demonspawn Berserker on Aug 16, 2022.
             Was a Believer of Trog.
             Slain by a gnoll bouda
             ... wielding a +0 club
              (6 damage)
             ... on level 3 of the Dungeon.
             The game lasted 00:04:20 (2275 turns).

xian the Trooper (Demonspawn Berserker)             Turns: 2275, Time: 00:04:21

Health: -2/52      AC:  6    Str: 19    XL:     4   Next: 9%
Magic:  4/4        EV: 11    Int:  8    God:    Trog [**....]
Gold:   106        SH:  4    Dex: 13    Spells: 3/3 levels left

rFire   + . .      SeeInvis .   m - +0 war axe
rCold   . . .      Faith    .   (no shield)
rNeg    . . .      Spirit   .   p - +1 ring mail {rF+}
rPois   .          Reflect  .   (no helmet)
rElec   .          Harm     .   (no cloak)
rCorr   .          Rampage  .   (no gloves)
Will    ++...                   (no boots)
Stlth   ..........              (no amulet)
HPRegen 1.17/turn               (no ring)
MPRegen 0.09/turn               (no ring)

@: berserking, weakened, strong-willed, regenerating, very quick
A: condensation shield, weakness stinger 1
a: Renounce Religion, Berserk, Trog's Hand


You were on level 3 of the Dungeon.
You worshipped Trog.
Trog was pleased with you.
You visited 1 branch of the dungeon, and saw 3 of its levels.

You collected 106 gold pieces.

Inventory:

Hand Weapons
 m - a +0 war axe (weapon)
Missiles
 n - 4 poisoned darts (quivered)
Armour
 p - a +1 ring mail of fire resistance (worn)
Jewellery
 e - an amulet of guardian spirit
Wands
 g - a wand of roots (1)
 o - a wand of flame (12)
Scrolls
 b - a scroll of fear
 c - a scroll of enchant armour
 d - a scroll of poison
 h - a scroll of butterflies
 j - a scroll of silence
 l - 2 scrolls of vulnerability {unknown}
Potions
 a - a potion of attraction {unknown}
 f - a potion of curing {unknown}
 i - 2 potions of might
 k - a potion of heal wounds {unknown}


   Skills:
 + Level 3.5 Fighting
 + Level 3.3 Axes
 + Level 2.7 Armour
 + Level 2.1 Dodging


You had 3 spell levels left.
You didn't know any spells.
Your spell library was empty.

Dungeon Overview and Level Annotations

Branches:
Dungeon (3/15)

Altars:
Hepliaklqana
Sif Muna
Vehumet


Innate Abilities, Weirdness & Mutations

A meltable shield of frost defends you. (SH +4)
You have a small tail.


Message History

The frilled lizard bites you but does no damage.
You closely miss the frilled lizard.
The frilled lizard unfolds its giant frill.
You block the frilled lizard's attack.
The gnoll hits you from afar with a +0 spear!
The gnoll hits you but does no damage. You block the gnoll's attack.
Your skin crawls.
You feel strong-willed. The gnoll hits you but does no damage.
The frilled lizard bites you.
The gnoll hits you from afar with a +0 spear.
A red film seems to cover your vision as you go berserk!
You feel yourself moving faster!
You feel mighty! The gnoll hits you but does no damage.
The gnoll bouda gazes fiercely through you!
You feel your attacks grow feeble. The frilled lizard closely misses you.
The gnoll misses you.
You slash the frilled lizard!
You kill the frilled lizard!
Trog accepts your kill. The gnoll closely misses you.
The gnoll hits you from afar with a +0 halberd.
The gnoll hits you with a +0 halberd.
The gnoll bouda hits you with a +0 club!
* * * LOW HITPOINT WARNING * * *
You block the gnoll's attack.
There is an open door here.
You closely miss the gnoll bouda. You hit the gnoll. You barely miss the gnoll.
You block the gnoll's attack. The gnoll barely misses you.
You block the gnoll bouda's attack. The gnoll hits you with a +0 halberd!
* * * LOW HITPOINT WARNING * * *
You hit the gnoll bouda but do no damage.
You hit the gnoll. You slash the gnoll!
The gnoll hits you from afar with a +0 spear.
* * * LOW HITPOINT WARNING * * *
The gnoll barely misses you.
The gnoll bouda gazes fiercely through you!
You feel as though you will be weak longer.
The gnoll bouda hits you with a +0 club.
You die...

...............'...
...........#.##...
..###.####.#.##... #.#
#.# #.#.##### #.# #.#
#.#.#
#.#####.###.####.#.#####
........................
#.#####.###.####.#.#####
#@# #†####'#+##
#.....ggg.#.#.......#
#......g..#.#.......#
#....$....#.#.......#
#.........#.#.......#
#.....$...#.#.......#
#.........#.#.......#
#.........#.#.......#
..#.......#


You could see a gnoll bouda and 3 gnolls.

Vanquished Creatures
  3 adders
  A dart slug (D:1)
  6 endoplasms
  3 giant cockroaches
  4 goblins
  4 hobgoblins
  4 kobolds
  4 quokkas
  3 ball pythons
  3 bats (D:1)
  2 frilled lizards
  4 rats
41 creatures vanquished.

Notes
Turn   | Place    | Note
-------+----------+-------------------------------------------
     0 | D:1      | xian the Demonspawn Berserker began the quest for the Orb.
     0 | D:1      | Reached XP level 1. HP: 18/18 MP: 1/1
   192 | D:1      | Gained mutation: A meltable shield of frost defends you.
                  | (SH +4) [demonic ancestry]
   192 | D:1      | Reached XP level 2. HP: 16/24 MP: 2/2
   832 | D:1      | Discovered your monstrous ancestry.
   832 | D:1      | Gained mutation: You have a small tail. [demonic ancestry]
   832 | D:1      | Reached XP level 3. HP: 29/29 MP: 3/3
   834 | D:1      | Reached ** piety under Trog
  1686 | D:2      | Found a radiant altar of Vehumet.
  1944 | D:3      | Found a hazy altar of Hepliaklqana.
  1944 | D:3      | Found a shimmering blue altar of Sif Muna.
  2257 | D:3      | Reached XP level 4. HP: 35/35 MP: 4/4
  2275 | D:3      | Slain by a gnoll bouda

Illustrated notes

Levels and vault maps discovered:
D:1:      lightli_arrival_quake, layout_rooms
D:2:      layout_loops_ring, basic_altar, nicolae_figureground_pulse
D:3:      layout_basic, gammafunk_temple_overflow_pools

Skill      XL: |  1  2 |
---------------+-------+-----
Axes           | 3 |  3.3
Armour         | 2 |  2.7
Dodging        | 2 |  2.1
Fighting       | |  3.5

Action                   |  1- 3 |  4- 6 || total
-------------------------+-------+-------++-------
Melee: Hand axe          |    79 |       ||    79
       War axe           |    23 |     6 ||    29
       Tailslap          |     2 |       ||     2
Throw: Dart              |     1 |       ||     1
Invok: Berserk           |       |     1 ||     1
       Trog's Hand       |       |     1 ||     1
  Use: Scroll            |     7 |       ||     7
Armor: Animal skin       |     5 |       ||     5
       Chain mail        |    35 |       ||    35
       Ring mail         |     9 |     7 ||    16
Dodge: Dodged            |    38 |     5 ||    43
Block: Other             |    11 |     5 ||    16

Table legend: (Time is in decaauts)
 A = Elapsed time spent in this place.
 B = Non-inter-level travel time spent in this place.
 C = Inter-level travel time spent in this place.
 D = Time resting spent in this place.
 E = Time spent auto-exploring this place.
 F = Levels seen in this place.
 G = Mean time per level.
                   A        B        C        D        E       F      G
               +--------+--------+--------+--------+--------+-----+--------+
         Total |   2294 |   2238 |     56 |      0 |   1764 |   3 |  764.7 |
       Dungeon |   2294 |   2238 |     56 |      0 |   1764 |   3 |  764.7 |
               +--------+--------+--------+--------+--------+-----+--------+

Top non-repeatable levels by time:
     D:1: 984 daAuts
     D:2: 949 daAuts
     D:3: 360 daAuts
